 Dungeon Crawl Stone Soup version 0.28-a0-1117-g0bdd5ba030 (webtiles) character file.

Game seed: 12245201501531587141

2286 ducksouse the Fighter (level 9, -8/81 HPs)
             Began as a Minotaur Fighter on Dec 12, 2021.
             Was an Elder of Zin.
             Mangled by an orc warrior (14 damage)
             ... on level 7 of the Dungeon.
             The game lasted 00:22:28 (6107 turns).

ducksouse the Fighter (Minotaur Fighter)            Turns: 6107, Time: 00:22:28

Health: -8/81      AC: 12    Str: 25    XL:     9   Next: 17%
Magic:  8/8        EV: 10    Int:  5    God:    Zin [****..]
Gold:   275        SH: 10    Dex: 10    Spells: 8/8 levels left

rFire   + . .      SeeInvis .   a - +0 long sword
rCold   . . .      Faith    .   c - +0 buckler
rNeg    . . .      Spirit   .   r - +2 scale mail {rF+}
rPois   .          Reflect  +   (helmet restricted)
rElec   .          Harm     .   z - +0 cloak
rCorr   +          Rampage  .   w - +0 pair of gloves
Will    .....                   (no boots)
Stlth   ..........              e - amulet of reflection
HPRegen 0.23/turn               o - ring of resist corrosion
MPRegen 0.11/turn               (no ring)

@: attractive, hasted, very quick
A: horns 2, retaliatory headbutt
a: Renounce Religion, Recite, Vitalisation, Imprison, Donate Gold


You were on level 7 of the Dungeon.
You worshipped Zin.
Zin was greatly pleased with you.
You visited 1 branch of the dungeon, and saw 7 of its levels.

You collected 305 gold pieces.
You donated 30 gold pieces to Zin.

Inventory:

Hand Weapons
 a - a +0 long sword (weapon)
 n - a +0 dagger
 y - a +1 dagger of venom
 A - a +0 shortbow
 D - a +1 vorpal flail
Missiles
 B - 67 arrows
Armour
 b - a +0 scale mail
 c - a +0 buckler (worn)
 r - a +2 scale mail of fire resistance (worn)
 w - a +0 pair of gloves (worn)
 z - a +0 cloak (worn)
 G - the +1 robe "Ucumitem" {Dex+2}
   (You found it on level 6 of the Dungeon)

   Dex:       It affects your dexterity (+2).
Jewellery
 e - an amulet of reflection (around neck)
 m - an amulet of magic regeneration
 o - a ring of resist corrosion (left hand)
 F - an amulet of faith
Wands
 u - a wand of iceblast (2) (quivered)
Scrolls
 f - a scroll of enchant armour {unknown}
 g - 2 scrolls of enchant weapon {unknown}
 i - 2 scrolls of blinking {unknown}
 j - 2 scrolls of fog {unknown}
 k - 3 scrolls of noise
 s - 2 scrolls of identify
 v - 4 scrolls of teleportation {unknown}
 x - 2 scrolls of silence {unknown}
 C - a scroll of immolation {unknown}
 E - a scroll of fear {unknown}
Potions
 h - a potion of ambrosia {unknown}
 p - a potion of heal wounds {unknown}
 q - a potion of mutation {unknown}
 t - 2 potions of haste


   Skills:
 + Level 8.2 Fighting
 + Level 7.7 Long Blades
 + Level 8.1 Armour
 + Level 8.2 Shields


You had 8 spell levels left.
You didn't know any spells.
Your spell library contained the following spells:

 Spells                   Type           Power      Damage    Failure   Level
 Corpse Rot               Necr/Air       0%         N/A       86%         2
 Sublimation of Blood     Necr           0%         N/A       86%         2
 Wereblood                Tmut           0%         N/A       86%         2
 Summon Guardian Golem    Hex/Summ       0%         N/A       98%         3
 Summon Hydra             Summ           0%         N/A       100%        7
 Chain Lightning          Conj/Air       0%         N/A       100%        9


Dungeon Overview and Level Annotations

Branches:
Dungeon (7/15)
 Temple: D:4-7

Altars:
Zin


Innate Abilities, Weirdness & Mutations

You have a pair of horns on your head.
You reflexively headbutt those who attack you in melee.


Message History

The orc warrior is almost dead.
You feel better. You block the orc warrior's attack.
You closely miss the orc warrior.
The orc warrior is almost dead.
You block the orc warrior's attack.
You barely miss the orc warrior.
The orc warrior is almost dead.
You hit the orc warrior but do no damage.
Your headbutt misses the orc warrior.
The orc warrior is almost dead.
You block the orc warrior's attack.
You closely miss the orc warrior.
You headbutt the orc warrior, but do no damage.
The orc warrior is almost dead.
You hit the orc warrior.
The orc warrior is almost dead.
The orc warrior hits you with a +0 dire flail.
You hit the orc warrior but do no damage.
You headbutt the orc warrior, but do no damage.
The orc warrior is almost dead.
The orc warrior hits you with a +0 dire flail!!
* * * LOW HITPOINT WARNING * * *
You barely miss the orc warrior. Your headbutt misses the orc warrior.
The orc warrior is almost dead.
The orc warrior barely misses you.
You closely miss the orc warrior.
The orc warrior is almost dead.
The orc priest mumbles some strange prayers to Beogh against you.
Beogh smites you!
* * * LOW HITPOINT WARNING * * *
It was a potion of attraction.
You feel attractive to monsters.
The orc warrior hits you with a +0 dire flail.
Zin protects you from harm!
You closely miss the orc warrior. Your headbutt misses the orc warrior.
The orc warrior is almost dead.
The orc priest calls upon Beogh to heal the orc warrior.
The orc warrior is healed somewhat.
The orc warrior hits you with a +0 dire flail!
You die...

#########
##########........
####.......##.########.
.......................
##.#.#........#.#####.
#.#..#.####.###.##
#.PP..##....## ##.#


≈PP≈P≈P #### ##@## ≈P≈≈≈PP. #o## P≈≈♣≈≈P.# #...o.o.{... P♣♣♣≈≈P...............(
≈≈≈♣ ..##.#.##o###.# ≈≈♣P♣ #.#. o# ♣≈PPPP # #. {# PPP≈P≈ #. # P≈≈.≈≈ .. You
could see an orc warrior and an orc priest.

Vanquished Creatures
  A steam dragon (D:6)
  A water moccasin (D:7)
  2 black bears
  An ice beast (D:6)
  A sky beast (D:5)
  Pargi (D:3)
  5 ogres
  2 necrophages
  2 centaurs
  A water moccasin skeleton (D:5)
  2 orc priests
  3 hounds
  A bullfrog skeleton (D:5)
  Terence (D:3)
  2 iguanas (D:6)
  7 orc wizards
  2 hound zombies (D:5)
  A howler monkey zombie (D:6)
  4 gnolls (D:4)
  A howler monkey skeleton (D:5)
  8 adders
  8 river rats (D:6)
  A white imp (D:6)
  3 adder skeletons (D:4)
  2 dart slugs
  15 orcs
  9 ball pythons
  9 endoplasms
  3 giant cockroaches
  6 hobgoblins
  8 quokkas
  9 bats
  2 frilled lizards
  7 goblins
  12 kobolds
  23 rats
  A bush (D:6)
167 creatures vanquished.

Vanquished Creatures (others)
  A quokka (D:6)
  2 rats (D:6)
  2 plants (D:7)
5 creatures vanquished.

Grand Total: 172 creatures vanquished

Notes
Turn   | Place    | Note
-------+----------+-------------------------------------------
     0 | D:1      | ducksouse the Minotaur Fighter began the quest for the Orb.
     0 | D:1      | Reached XP level 1. HP: 19/19 MP: 0/0
   160 | D:1      | Reached XP level 2. HP: 23/27 MP: 1/1
   347 | D:2      | Reached XP level 3. HP: 27/33 MP: 2/2
   565 | D:2      | Noticed a great orb of eyes
   567 | D:2      | Found a faded altar of an unknown god.
   570 | D:2      | Noticed a floating eye
   570 | D:2      | Noticed a great orb of eyes
   570 | D:2      | Noticed a golden eye
   575 | D:2      | Reached XP level 4. HP: 41/41 MP: 3/3
   577 | D:2      | Prayed at the altar of an unknown god.
   577 | D:2      | Became a worshipper of Zin the Law-Giver
   577 | D:2      | Reached * piety under Zin
  1585 | D:3      | Noticed a black bear
  1592 | D:3      | Killed a black bear
  1593 | D:3      | Reached XP level 5. HP: 37/47 MP: 4/4
  1703 | D:3      | Reached ** piety under Zin
  1816 | D:3      | Noticed Terence
  1826 | D:3      | Killed Terence
  1827 | D:3      | Reached skill level 5 in Fighting
  1827 | D:3      | Reached skill level 5 in Shields
  1928 | D:3      | Noticed Pargi
  1935 | D:3      | Reached skill level 5 in Armour
  1945 | D:3      | Killed Pargi
  1946 | D:3      | Reached XP level 6. HP: 49/56 MP: 5/5
  2380 | D:4      | Got the Tome of Rationality
  2526 | D:4      | Reached *** piety under Zin
  2677 | D:4      | Reached skill level 5 in Long Blades
  2677 | D:4      | Reached XP level 7. HP: 62/62 MP: 6/6
  3345 | D:5      | Entered Level 5 of the Dungeon
  3781 | D:5      | Reached XP level 8. HP: 71/71 MP: 7/7
  3962 | D:5      | "
  4672 | D:6      | Reached **** piety under Zin
  4913 | D:6      | Identified the +1 robe "Ucumitem" {Dex+2}
  5100 | D:6      | Reached XP level 9. HP: 40/81 MP: 8/8
  6106 | D:7      | Zin protects you from harm!
  6107 | D:7      | Mangled by an orc warrior

Illustrated notes

.#
#...................
.#
#.#.................
.#
#.#..........##.....
.#
#.#..........##.....
.#
#.#..........##.....
.#
#.#..........##.....
.#
#.#..........##.####
.# #.#.###########..
.# #.#@# #. .#
#.#.##### .#
#.......# .#
#.......# .#
#.......# .#
#.......# .#
#.#.##### .# #.#.#
.# ##### #.#.#


Turn 3962 on D:5: "

Levels and vault maps discovered:
D:1:      ebering_hopf_link, layout_basic, lemuel_another_geyser
D:2:      layout_basic, hellmonk_ecumenical_altar_watching_god,
          nicolae_elevator_lobby_plus
D:3:      layout_rooms, uniq_terence, uniq_pargi
D:4:      layout_basic
D:5:      layout_basic
D:6:      lemuel_ratsnest, layout_loops_ring, chequers_mini_garden,
          kb_lookout_dungeons_type, minmay_stone_trees_small
D:7:      layout_loops_ring, minmay_temple_entry_stoned_glass,
          serial_bayou_lagoon_a, kennysheep_generic_room_16, uniq_menkaure

Skill      XL: |  1  2  3  4  5  6  7  8  9 |
---------------+----------------------------+-----
Fighting       | 4 5 6 7 8 |  8.2
Armour         | 4 5 6 7 8 |  8.1
Shields        | 4 5 6 7 8 |  8.2
Long Blades    | 3 4 5 6 7 |  7.7

Action                   |  1- 3 |  4- 6 |  7- 9 || total
-------------------------+-------+-------+-------++-------
Melee: Long sword        |    54 |   126 |   285 ||   465
       Headbutt          |     8 |    19 |    50 ||    77
Invok: Vitalisation      |       |       |     1 ||     1
Evoke: Wand              |       |     4 |     3 ||     7
  Use: Scroll            |       |     1 |     1 ||     2
       Potion            |       |       |    10 ||    10
Armor: Scale mail        |    19 |    60 |    70 ||   149
Dodge: Dodged            |    27 |    50 |    66 ||   143
Block: Buckler           |    32 |    70 |   119 ||   221
       Reflection        |     2 |     1 |     9 ||    12

Table legend: (Time is in decaauts)
 A = Elapsed time spent in this place.
 B = Non-inter-level travel time spent in this place.
 C = Inter-level travel time spent in this place.
 D = Time resting spent in this place.
 E = Time spent auto-exploring this place.
 F = Levels seen in this place.
 G = Mean time per level.
                   A        B        C        D        E       F      G
               +--------+--------+--------+--------+--------+-----+--------+
         Total |   6131 |   6026 |    105 |    952 |   2480 |   7 |  875.9 |
       Dungeon |   6131 |   6026 |    105 |    952 |   2480 |   7 |  875.9 |
               +--------+--------+--------+--------+--------+-----+--------+

Top non-repeatable levels by time:
     D:6: 1506 daAuts
     D:4: 1164 daAuts
     D:5: 1080 daAuts
     D:2: 887 daAuts
     D:1: 718 daAuts
     D:3: 619 daAuts
     D:7: 154 daAuts
